 Dungeon Crawl Stone Soup version 0.27.1-34-g3ba077fa99 (webtiles) character file.

Game seed: 7373572054795206152

114 DRShiny the Chopper (level 4, -1/41 HPs)
             Began as a Minotaur Berserker on Jan 7, 2022.
             Was a Believer of Trog.
             Killed from afar by an orc wizard (9 damage)
             ... with a magic dart
             ... on level 3 of the Dungeon.
             The game lasted 00:14:04 (3234 turns).

DRShiny the Chopper (Minotaur Berserker)            Turns: 3234, Time: 00:14:04

Health: -1/41      AC:  2    Str: 22    XL:     4   Next: 66%
Magic:  3/3        EV: 12    Int:  4    God:    Trog [**....]
Gold:   124        SH:  0    Dex: 10    Spells: 3/3 levels left

rFire    . . .     SeeInvis .   a - +0 hand axe
rCold    . . .     Faith    .   (no shield)
rNeg     . . .     Spirit   .   b - +0 animal skin
rPois    .         Reflect  .   (helmet restricted)
rElec    .         Harm     .   (no cloak)
rCorr    .         Rampage  .   (no gloves)
Will     .....                  (no boots)
Stlth    +.........             (no amulet)
HPRegen  0.13/turn              (no ring)
MPRegen  0.08/turn              (no ring)

@: no status effects
A: horns 2, retaliatory headbutt
a: Renounce Religion, Berserk, Trog's Hand


You were on level 3 of the Dungeon.
You worshipped Trog.
Trog was pleased with you.
You visited 1 branch of the dungeon, and saw 3 of its levels.

You collected 124 gold pieces.

Inventory:

Hand Weapons
 a - a +0 hand axe (weapon)
 c - a +0 whip
 p - a +0 hand axe
Missiles
 j - 39 stones (quivered)
Armour
 b - a +0 animal skin (worn)
 f - a +0 leather armour
Magical Staves
 d - a staff of fire
Scrolls
 e - 2 scrolls of teleportation
 i - 3 scrolls of identify
Potions
 h - a potion of ambrosia
 k - 2 potions of brilliance {unknown}
 l - a potion of mutation {unknown}
 m - a potion of heal wounds {unknown}
 n - a potion of haste {unknown}
 o - a potion of lignification {unknown}


   Skills:
 + Level 4.3 Fighting
 * Level 5.2 Axes
 + Level 2.9 Armour
 + Level 2.9 Dodging
 - Level 0.9 Stealth


You had 3 spell levels left.
You didn't know any spells.
Your spell library was empty.

Dungeon Overview and Level Annotations

Branches:
Dungeon (3/15)

Altars:

Shops:
D:1 ?


Innate Abilities, Weirdness & Mutations

You have a pair of horns on your head.
You reflexively headbutt those who attack you in melee.


Message History

You feel less confused.
You closely miss the adder. You headbutt the adder.
The adder is heavily wounded.
The adder closely misses you. The adder misses you. You furiously retaliate!
You headbutt the adder!
You kill the adder!
Trog accepts your kill.
Your Axes skill increases to level 5!
Something hits you but does no damage.
You miss something. You headbutt something. Trog accepts your kill.
Trog appreciates your killing of a magic user.
Reactivating autopickup.
You feel a bit more experienced.
The orc wizard gestures wildly while chanting.
The orc wizard flickers and vanishes!
Deactivating autopickup; reactivate with Ctrl-A.
The gnoll closely misses you.
You hit the gnoll but do no damage. The gnoll hits you with a +0 whip.
You closely miss the gnoll. The gnoll hits you with a +0 whip.
You slash the gnoll!
The gnoll is severely wounded.
The gnoll hits you but does no damage.
You closely miss the gnoll. You headbutt the gnoll.
You kill the gnoll!
Trog accepts your kill.
You hear some strange, mumbled words.
A puff of flame appears from out of thin air!
The puff of flame misses you.
A magic dart appears from out of thin air!
The magic dart hits you.
You hear some strange, mumbled words.
A magic dart appears from out of thin air!
The magic dart hits you!
* * * LOW HITPOINT WARNING * * *
You miss something. You headbutt something!
You hear some strange, mumbled words.
A magic dart appears from out of thin air!
The magic dart hits you!
You die...

#.#.# #.# ##.###.##
#....###.###<#####.#
#............##.#
#...###)###.##.##.#
##.# #.# ##.#.#.##
... #{# ###...## ###
#.##.###.##
#.#...##.#
#.{@...#.#
###...##.# ##.###.#
.# #.# .# #.# .# #..
.# .#


There were no monsters in sight!

Vanquished Creatures
  An orc wizard (D:3)
  3 adders
  A gnoll (D:3)
  A worm (D:2)
  4 bats
  5 endoplasms
  2 giant cockroaches
  4 goblins
  4 hobgoblins
  3 jackals (D:2)
  A kobold (D:2)
  2 quokkas
  5 ball pythons
  15 rats
51 creatures vanquished.

Vanquished Creatures (others)
  5 fungi (D:1)
  7 plants
12 creatures vanquished.

Grand Total: 63 creatures vanquished

Notes
Turn   | Place    | Note
-------+----------+-------------------------------------------
     0 | D:1      | DRShiny the Minotaur Berserker began the quest for the Orb.
     0 | D:1      | Reached XP level 1. HP: 19/19 MP: 0/0
    96 | D:1      | Found Secwarof's Magic Scroll Shoppe.
   684 | D:1      | Reached XP level 2. HP: 27/27 MP: 1/1
   826 | D:1      | Reached skill level 4 in Axes
  1260 | D:1      | Reached ** piety under Trog
  1584 | D:1      | Found a faded altar of an unknown god.
  2001 | D:2      | Reached XP level 3. HP: 33/33 MP: 2/2
  2926 | D:2      | Reached XP level 4. HP: 40/40 MP: 3/3
  3219 | D:3      | Reached skill level 5 in Axes
  3234 | D:3      | Killed from afar by an orc wizard

Illustrated notes

Levels and vault maps discovered:
D:1:      amcnicky_arrival_underground_garden, layout_loops_corners,
          serial_shops, shop, shapermc_ecumenical_altar_petra,
          hangedman_feature_mirror, minmay_rat_gold_closets
D:2:      layout_basic, minmay_statues_item
D:3:      layout_loops_ring, riverfiend_overflow_shadow_ancestor,
          grunt_ashenzari_visionary [grunt_ashenzari_visionary_swamp,
          grunt_ashenzari_visionary_spider], serial_bayou_pond_b

Skill      XL: |  1  2  3  4 |
---------------+-------------+-----
Fighting       | 4 |  4.3
Axes           | 4 5 |  5.2
Armour         | |  2.9
Dodging        | |  2.9
Stealth        | |  0.9

Action                   |  1- 3 |  4- 6 || total
-------------------------+-------+-------++-------
Melee: Hand axe          |   110 |    18 ||   128
       Headbutt          |    14 |     4 ||    18
  Use: Scroll            |     2 |     2 ||     4
 Stab: Sleeping          |     1 |       ||     1
Armor: Animal skin       |    16 |     2 ||    18
Dodge: Dodged            |    69 |     7 ||    76
